 Dungeon Crawl Stone Soup version bcrawl-1.36.5b (webtiles) character file.

Game seed: 2066284873545951898

139991 CuBeRJAN3 the Conjurer (level 4, 0/27 HPs)
             Began as a Fairy Conjurer on Aug 23, 2022.
             Succumbed to Ijyb's poison
             ... on level 3 of the Dungeon.
             The game lasted 00:05:42 (1906 turns).

CuBeRJAN3 the Conjurer (Fairy Conjurer)             Turns: 1906, Time: 00:05:42

Health: 0/27       AC: 12    Str:  6    XL:     4   Next: 78%
Magic:  2/11       EV: 22    Int: 25    God:
Gold:   102        SH:  4    Dex: 12    Spells: 7/10 levels left

rFire    . . .     GDR:     24%   - Spores (confuse) (11.8)
rCold    . . .     SeeInvis .   (shield currently unavailable)
rNeg     + + +     Gourm    .   (armour unavailable)
rPois    +         Faith    .   (helmet currently unavailable)
rElec    .         Spirit   .   (cloak currently unavailable)
rCorr    .         Reflect  .   (gloves currently unavailable)
MR       .....                  (boots currently unavailable)
Stlth    +.........             (no amulet)
HPRegen  0.09/turn              (no ring)
MPRegen  0.12/turn              (no ring)

@: brilliant, lethally poisoned (0 -> -12), fungus-form, flying evasively
A: tiny, magic attunement, unstealthy, unfitting armour, AC/SH +4
a: no special abilities


You were on level 3 of the Dungeon.
You were not hungry.
You were a sentient fungus.
You visited 1 branch of the dungeon, and saw 3 of its levels.

You collected 102 gold pieces.

Inventory:

Hand Weapons
 q - a +0 dagger (melded)
Jewellery
 p - a +5 ring of protection {unknown}
Scrolls
 a - a scroll of magic mapping {unknown}
 d - a scroll of fear {unknown}
 g - a scroll of amnesia {unknown}
 h - a scroll of blinking {unknown}
 i - a scroll of identify
 j - 2 scrolls of teleportation {unknown}
 k - a scroll of remove curse {unknown}
Potions
 b - a potion of magic
 c - a potion of agility
 f - a potion of might {unknown}
 m - a potion of brilliance
 n - a potion of mutation {unknown}
 o - a potion of cancellation {unknown}
 r - a potion of curing {unknown}
Comestibles
 e - 5 rations {!d}
 l - a chunk of flesh


   Skills:
 + Level 3.9 Dodging
 + Level 2.3 Stealth
 + Level 3.7 Spellcasting
 + Level 5.5 Conjurations


You had 7 spell levels left.
You knew the following spells:

 Your Spells              Type           Power        Failure   Level  Hunger
a - Magic Dart            Conj           ####         1%          1    None
b - Searing Ray           Conj           #####...     1%          2    None

Your spell library contained the following spells:

 Spells                   Type           Power        Failure   Level  Hunger
 Iskenderun's Mystic Bla  Conj           #####...     1%          3    None
 Fulminant Prism          Conj/Hex       ####......   3%          4    None
 Irradiate                Conj/Tmut      ####......   10%         5    None


Dungeon Overview and Level Annotations

Branches:
Dungeon (3/12)

Altars:
Nemelex Xobeh
Yredelemnul

Annotations:
D:2 Sigmund


Innate Abilities, Weirdness & Mutations

Your spells do not cause hunger and MP costs are reduced by 1.
Your bright wings attract enemies. (Stealth-)
You cannot fit into any form of body armour.
((Your shimmering scales are hard and can block incoming attacks. (AC +4, SH +4)))
You are small and have problems with some larger weapons.
((You can fly continuously.))


Message History

You feel sick. You block the giant cockroach's attack.
You can't do that in your present form.
* * * LOW HITPOINT WARNING * * *
You feel sick. The giant cockroach closely misses you.
The giant cockroach misses you.
* * * LOW HITPOINT WARNING * * *
You feel sick. You block the giant cockroach's attack.
* * * LOW HITPOINT WARNING * * *
You feel sick.
The giant cockroach completely misses you.
* * * LOW HITPOINT WARNING * * *
You feel sick. The giant cockroach closely misses you.
* * * LOW HITPOINT WARNING * * *
You feel sick. The giant cockroach closely misses you.
* * * LOW HITPOINT WARNING * * *
You feel sick. The giant cockroach misses you.
The giant cockroach barely misses you.
It was a potion of brilliance.
You feel clever all of a sudden.
You die...

#........
#...#....
#........
#######...#.......
#..............#.#
###
#.#####.#.##.(...
... #.#
#.#.##....##.####.
#.#
#.#........)......
#.#
#.#......#f#.....
#.#
#.#........s......
#.#
#.#....#.#.#......
#.#
#.#...<#.#.#.#####
#.# #.#....#.#.# #
#.# #.####.#.#.#
#.# #......#.#.#
#.############.#.#
...............#.#


You could see a giant cockroach.

Vanquished Creatures
  Ijyb (D:3)
  Jessica (D:2)
  A worm (D:2)
  2 dart slugs (D:1)
  A leopard gecko (D:2)
  A ball python (D:1)
  A bat (D:1)
  3 giant cockroaches
  5 goblins
  9 hobgoblins
  4 jackals (D:1)
  3 frilled lizards
  3 kobolds
  3 rats
38 creatures vanquished.

Notes
Turn   | Place    | Note
-------+----------+-------------------------------------------
     0 | D:1      | CuBeRJAN3 the Fairy Conjurer began the quest for the Orb.
     0 | D:1      | Reached XP level 1. HP: 11/11 MP: 6/6
   142 | D:1      | Reached XP level 2. HP: 17/17 MP: 7/7
   148 | D:1      | Reached skill level 5 in Conjurations
   365 | D:1      | Learned a level 2 spell: Searing Ray
   465 | D:1      | Reached XP level 3. HP: 21/21 MP: 4/9
  1127 | D:2      | Noticed Sigmund
  1260 | D:2      | Found a sparkling altar of Nemelex Xobeh.
  1319 | D:2      | Found a basalt altar of Yredelemnul.
  1451 | D:2      | Noticed Jessica
  1456 | D:2      | Killed Jessica
  1457 | D:2      | Reached XP level 4. HP: 27/27 MP: 6/11
  1883 | D:3      | Noticed Ijyb
  1896 | D:3      | Killed Ijyb
  1904 | D:3      | HP: 1/27 [poisoned by Ijyb]
  1906 | D:3      | Succumbed to Ijyb's poison

Skill      XL: |  1  2  3 |
---------------+----------+-----
Dodging        | 3 |  3.9
Conjurations   | 5 |  5.5
Spellcasting   | 3 |  3.7
Stealth        | 2 |  2.3

Action                   |  1- 3 |  4- 6 || total
-------------------------+-------+-------++-------
 Cast: Magic Dart        |    48 |     3 ||    51
       Searing Ray       |    12 |     3 ||    15
  Use: Scroll            |     1 |       ||     1
       Potion            |       |     1 ||     1
  Eat: Chunk             |     2 |     1 ||     3
Armor: Skin              |     1 |     4 ||     5
Dodge: Dodged            |     4 |    16 ||    20
Block: Other             |     1 |     3 ||     4
